junerogue, chaotic female elven Rogue ------------- -- |.....<*.....# ..d |...`......*|# a -.----------- @ ## # # # ### # # #############*### # # #---------- # ------------- # -----|- ## #|........| ##............--- ## |.....-########### ##|..).....| # |.............| #-------.....| ###|........-#######..............| #-...........-########%#[[##.....[...|# |.............| |...........| --..[....| ---...........| |[..........| --------- ------------ |...........| ------------- junerogue the Rogue Experience level: 7 Strength: 10 Dexterity: 19 Constitution: 16 Intelligence: 10 Wisdom: 10 Charisma: 9 Health: 0(45) Energy: 36(36) Def: 4 Gold: 188 Moves: 5713 Dungeon seed: 1Qo8ZKiyRjBwAYRv Game ID: junerogue_1466102229 Your Inventory: Coins $ - 188 gold pieces Weapons a - an uncursed +0 elven dagger named Biter (weapon in hand) o - 9 uncursed +0 elven daggers (in quiver) C - 2 uncursed +0 orcish daggers I - a blessed +0 orcish dagger Armor e - an uncursed +1 leather armor (being worn) n - an uncursed +0 orcish helm (being worn) Comestibles Z - a cursed eucalyptus leaf Wands h - an uncursed wand of opening (0:3) i - a cursed wand of light (0:14) j - an uncursed wand of striking (0:0) q - an uncursed wand of undead turning (0:2) s - an uncursed wand of digging (0:2) w - an uncursed wand of make invisible (0:6) Tools k - an uncursed lock pick B - an uncursed sack F - an uncursed blindfold P - an uncursed blindfold T - an uncursed leather drum Contents of the sack: 682 gold pieces 4 uncursed food rations an uncursed lembas wafer an uncursed lichen corpse 3 uncursed sprigs of wolfsbane 2 cursed scrolls of charging a blessed scroll of create monster a cursed scroll of create monster an uncursed scroll of destroy armor an uncursed scroll of enchant armor 2 uncursed scrolls of enchant weapon 2 uncursed scrolls of gold detection an uncursed scroll of identify a cursed scroll of identify an uncursed scroll of scare monster an uncursed scroll of stinking cloud a blessed scroll of teleportation 3 uncursed scrolls of teleportation an uncursed spellbook of healing an uncursed potion of enlightenment 2 uncursed potions of gain energy a cursed potion of gain level an uncursed potion of invisibility a cursed potion of invisibility an uncursed potion of monster detection an uncursed potion of object detection an uncursed potion of restore ability an uncursed potion of sickness an uncursed potion of speed a cursed -2 ring of gain constitution a cursed ring of shock resistance an uncursed ring of slow digestion an uncursed wand of enlightenment (0:10) an uncursed tin whistle Spells and supernatural/magical abilities: Name Level Category Fail Memory W - pray for help -- divine ? -- Your skills at the end: Miscellaneous Skills wands [Basic] Weapon Skills dagger [Skilled] short sword [Basic] Spellcasting Skills Final Attributes: You were piously aligned. You were sleep resistant. You had infravision. You were stealthy. You are dead. Vanquished creatures: a ghost a freezing sphere a chameleon a leather golem a cockatrice a water nymph a raven a plains centaur 3 soldier ants a rock mole a pony a yellow light a shrieker a violet fungus a gnome lord a red naga hatchling a golden naga hatchling a giant ant a little dog a floating eye 3 kittens a kobold lord 3 iguanas 10 hill orcs 3 rothes a centipede a monkey a wererat a werejackal a gas spore 4 geckos 2 giant rats 2 cave spiders 3 brown molds a yellow mold a red mold 12 jackals a fox a kobold 7 newts 2 goblins 6 sewer rats 3 grid bugs a bat 2 lichens a kobold zombie 96 creatures vanquished. Voluntary challenges: You did not adorn yourself with jewelry or accessories. You used a wielded weapon 68 times, starting on turn 291. You did not apply a unicorn horn. You read items or engraved 1 time, starting on turn 5582. You never genocided any monsters. You never polymorphed an object. You never changed form. You used no wishes. You never split a pudding. You wrote Elbereth's name 1 time, starting on turn 5582. You never violated your personal moral code. Dungeon overview: The Dungeons of Doom: levels 1 to 12 Level 1 a fountain a long staircase Level 2 an altar to Mog, a fountain Level 3 a scroll shop, a fountain stairs to The Gnomish Mines Level 4 a fountain, a sink Level 5 some fountains Level 6 a fountain Level 7 Level 8 many fountains Level 9 Level 11 (invis jaguar) a fountain Level 12 (gnd-stash) <- You were here The Gnomish Mines: Level 4 stairs to The Dungeons of Doom History has recorded: On T:1 you entered the Dungeons of Doom to retrieve the Amulet of Yendor! On T:214 you reached level 2 of The Dungeons of Doom. On T:500 you advanced to experience level 2. On T:613 you reached level 3 of The Dungeons of Doom. On T:1062 you reached level 1 of The Gnomish Mines. On T:1266 you advanced to experience level 3. On T:1332 you reached level 4 of The Dungeons of Doom. On T:1676 you reached level 5 of The Dungeons of Doom. On T:1916 you advanced to experience level 4. On T:2099 you reached level 6 of The Dungeons of Doom. On T:2680 you reached level 7 of The Dungeons of Doom. On T:2736 you reached level 8 of The Dungeons of Doom. On T:2888 you advanced to experience level 5. On T:3537 you reached level 9 of The Dungeons of Doom. On T:3750 you advanced to experience level 6. On T:4244 you reached level 11 of The Dungeons of Doom. On T:4300 you reached level 12 of The Dungeons of Doom. On T:5115 you advanced to experience level 7. Score breakdown: Gold: 870 ( 87 points) Experience: 7 levels ( 600 points) Exploration: 12 levels ( 330 points) Discoveries: 6 items ( 300 points) Variety of kills: 46 monsters ( 2000 points) Major goal: (nothing yet) ( 0 points) Survival: died (score multiplied by 3) Total score: 9951 Latest messages: The soldier ant turns to flee! The giant ant turns to flee! You have a little trouble lifting o - 2 uncursed +0 elven daggers (in quiver). You hear some noises. You are beginning to feel hungry. You hear some noises. You resume your meal. You finish eating the food ration. You hear some noises. The giant ant bites! (3x) You stab the giant ant. The giant ant bites! (2x) You stab the giant ant. The giant ant just misses! You stab the giant ant! The giant ant turns to flee! The giant ant misses. The soldier ant bites! The soldier ant stings! The soldier ant bites! You die... Final status: Goodbye junerogue the Rogue, killed by a soldier ant... You died in The Dungeons of Doom on dungeon level 12 with 9951 points, and 870 pieces of gold, after 5713 moves. You were level 7 with a maximum of 45 hit points when you died.